Map: Overgrowth LE (Void)

Players

Gorod - Winner!

  • Race: Zerg Zerg
  • League: Diamond
  • Spawn Location: 7:00

PeterisMagic

  • Race: Terran Terran
  • League: Master
  • Spawn Location: 1:00

VOD

Have the link to the VOD?

Description

Time

  • Played on: Dec. 20, 2016, 8:30 a.m.
  • Length: 13:43
Show
View Real Time Build Order
Export as new Build Order

Gorod Zerg - Winner!

Build Orders: Hatch First 

Get SALT Encoding   

  12  0:02  Drone  
  13  0:09  Drone  
  14  0:15  Drone, Extractor  
  15  0:40  Hatchery  
  14  0:44  Extractor  
  14  0:45  Drone  
  15  1:01  Spawning Pool  
  14  1:12  Drone, Extractor  
  14  1:13  Drone, Extractor  
  16  1:19  Overlord  
  16  1:37  Drone x2  
  18  1:45  Drone  
  19  1:47  Queen  
  19  1:52  Queen  
  23  1:57  Drone  
  23  1:59  Drone  
  25  2:05  Overlord  
  26  2:08  Drone  
  26  2:16  Drone  
  26  2:17  Drone  
  28  2:23  Queen  
  30  2:31  Queen  
  30  2:33  Drone  
  33  2:39  Drone x2  
  33  2:40  Drone  
  35  2:45  Overlord  
  35  2:49  Drone  
  36  3:05  Drone x7  
  39  3:11  Overlord  
  43  3:15  Extractor  
  43  3:18  Extractor  
  41  3:20  Drone, Roach Warren  
  41  3:27  Evolution Chamber  
  40  3:28  Evolution Chamber  
  40  3:29  Drone  
  40  3:30  Drone  
  41  3:48  Drone  
  41  3:49  Drone x6  
  48  4:16  Roach x2  
  52  4:29  Hatchery  
  51  4:38  Overlord  
  51  4:39  Overlord x2  
  51  4:40  Zerg Ground Armor Level 1, Zerg Missile Weapons Level 1  
  51  4:50  Extractor  
  50  4:58  Roach  
  50  4:59  Roach x3  
  58  5:04  Extractor  
  57  5:10  Roach x2  
  57  5:11  Roach  
  63  5:25  Lair  
  63  5:31  Roach  
  63  5:32  Roach x2  
  63  5:34  Drone x3  
  72  5:36  Drone  
  72  5:37  Drone x3  
  76  5:55  Roach x2  
  76  5:56  Roach  
  78  6:12  Queen  
  80  6:27  Overlord  
  80  6:28  Overlord x4  
  80  6:33  Glial Reconstitution  
  80  6:34  Zerg Missile Weapons Level 2  
  80  6:35  Zerg Ground Armor Level 2  
  80  6:36  Overlord  
  80  6:37  Overlord x4  
  78  6:57  Spore Crawler x2  
  78  6:59  Drone, Spore Crawler  
  78  7:00  Drone x14  
  78  7:01  Spore Crawler  
  89  7:02  Ravager  
  89  7:03  Ravager x4  
  89  7:04  Ravager  
  95  7:11  Roach x2  
  99  7:32  Roach x4  
  99  7:33  Roach x7  
  122  7:37  Drone x2  
  123  7:46  Drone x2  
  123  7:47  Drone, Extractor x2  
  123  7:48  Drone x3  
  127  8:13  Roach  
  127  8:14  Roach x8  
  127  8:15  Overlord  
  145  8:33  Queen  
  147  9:18  Infestation Pit  
  147  9:19  Hatchery  
  147  9:22  Extractor x2  
  144  9:24  Ravager x10  
  144  9:25  Ravager  
  144  9:26  Overlord  
  144  9:27  Overlord x5  
  144  9:28  Overlord x4  
  133  9:59  Roach x3  
  129  10:00  Roach x18  
  129  10:07  Ravager x8  
  156  10:22  Ravager x2  
  156  10:23  Ravager  
  148  10:40  Roach x12  
  161  10:52  Drone  
  161  10:53  Drone  
  161  10:54  Drone x5  
  168  11:00  Hive  
  168  11:11  Drone x4  
  168  11:14  Ravager x5  
  168  11:15  Ravager x2  
  179  11:30  Roach x10  
  199  11:43  Extractor  
  199  11:44  Hatchery  
  186  11:47  Extractor  
  157  11:58  Roach  
  157  11:59  Roach x16  
  177  12:36  Roach x14  
  196  12:59  Ravager x3  
  196  13:00  Ravager  
Show
View Real Time Build Order
Export as new Build Order

PeterisMagic Terran 

Build Orders: Reaper Expand, Bio Tank 

Get SALT Encoding   

  12  0:01  SCV  
  13  0:13  SCV  
  14  0:17  Supply Depot  
  14  0:25  SCV  
  15  0:39  SCV  
  15  0:41  Barracks  
  16  0:45  Refinery  
  16  0:51  SCV  
  17  1:03  SCV  
  18  1:15  SCV  
  19  1:29  Orbital Command, Reaper  
  20  1:45  Command Center  
  20  1:57  Barracks  
  20  2:00  SCV  
  21  2:06  Barracks Reactor  
  21  2:16  Refinery  
  21  2:18  SCV  
  21  2:19  Supply Depot  
  21  2:30  SCV  
  22  2:42  SCV  
  23  2:44  Marine x2  
  23  2:46  Factory, Barracks Tech Lab  
  25  2:56  SCV  
  26  3:05  Stimpack, Marine x2  
  28  3:08  SCV, Marine  
  30  3:20  SCV  
  30  3:22  Supply Depot  
  31  3:27  Orbital Command  
  31  3:31  Marine  
  31  3:32  Marine  
  33  3:35  Marine  
  34  3:43  Starport  
  34  3:46  Factory Reactor  
  34  3:50  SCV  
  35  3:56  SCV  
  35  3:59  Marine x2  
  38  4:05  Marine  
  39  4:11  SCV  
  39  4:17  Marine x2  
  39  4:20  Bunker  
  39  4:23  Marine  
  42  4:25  Supply Depot  
  42  4:28  SCV x2  
  44  4:32  Factory Tech Lab  
  44  4:38  Marine x2  
  45  4:40  SCV  
  47  4:51  Medivac x2  
  51  4:54  Supply Depot x2  
  51  4:56  Marine x2  
  51  4:58  SCV  
  54  5:01  Supply Depot  
  54  5:04  SCV  
  55  5:09  Siege Tank  
  58  5:17  Combat Shields  
  58  5:19  Marine x3  
  58  5:20  SCV x2  
  63  5:25  Supply Depot  
  63  5:32  SCV x2  
  63  5:34  Viking  
  67  5:35  Medivac  
  67  5:36  Marine  
  67  5:37  Marine  
  67  5:39  Refinery x2  
  71  5:44  SCV x2  
  71  5:48  Supply Depot, Siege Tank  
  76  5:56  SCV  
  77  5:59  Marine x3  
  77  6:03  Barracks  
  80  6:17  Marine  
  80  6:18  Marine x2  
  80  6:21  Siege Tank  
  85  6:25  SCV  
  85  6:26  SCV  
  87  6:38  SCV x2  
  89  6:40  Supply Depot  
  89  6:41  Supply Depot  
  89  6:52  Marine x2  
  89  6:53  Siege Tank  
  92  6:57  Barracks, Marine  
  92  6:58  Barracks  
  92  7:00  Barracks Reactor  
  93  7:03  Engineering Bay  
  93  7:04  Engineering Bay  
  87  7:26  Marine x3  
  87  7:27  Medivac x2, Siege Tank  
  87  7:29  SCV x2  
  99  7:40  Liberator x2  
  99  7:44  Marine  
  99  7:45  Marine x2  
  99  7:46  Barracks Reactor  
  99  7:47  Barracks Reactor  
  99  7:49  Terran Infantry Weapons Level 1  
  102  7:56  Terran Infantry Armor Level 1  
  107  8:11  Marine x5  
  110  8:28  Marine x4  
  110  8:29  Marine x3  
  117  8:35  Supply Depot  
  117  8:36  Supply Depot  
  117  8:39  Liberator  
  117  8:43  Siege Tank  
  117  8:46  Marine  
  118  8:54  Marine  
  118  8:56  Marine x3  
  124  9:10  Marine x4  
  124  9:11  Marine  
  124  9:12  Marine  
  124  9:14  Marine x3  
  133  9:21  Command Center  
  133  9:28  Marine  
  133  9:29  Supply Depot  
  133  9:30  Supply Depot  
  134  9:33  Liberator  
  134  9:34  Liberator, Supply Depot  
  134  9:35  Supply Depot  
  134  9:45  Marine  
  134  9:46  Marine  
  134  9:48  Marine  
  134  9:49  Siege Tank  
  134  9:52  Marine x2  
  131  9:53  Marine x2  
  112  10:04  Marine x2  
  112  10:06  Marine  
  112  10:07  Marine x2  
  113  10:10  Marine x2  
  117  10:21  Siege Tank  
  105  10:33  Liberator x2, Marine x5  
  105  10:34  Marine x2  
  100  10:48  Marine  
  97  10:53  Marine x3, Siege Tank  
  109  10:58  Orbital Command  
  109  11:04  Armory  
  109  11:18  Marine x5  
  118  11:25  Siege Tank  
  117  11:34  Marine x3  
  117  11:35  Marine x2  
  117  11:36  Marine  
  116  11:52  Marine x3  
  79  11:57  Siege Tank  
  79  11:58  Marine x2  
  76  12:15  Marine  
  76  12:18  Marine x3  
  76  12:19  Marine x5  
  79  12:29  Siege Tank  
  62  12:31  Medivac x2  
  62  12:33  Marine  
  62  12:36  Marine x5  
  62  12:37  Marine x3  
  70  12:51  Marine  
  71  12:53  Orbital Command  
  71  12:54  Marine x4  
  71  12:57  Marine x3  
  78  13:01  SCV  
  78  13:02  Siege Tank  
  82  13:11  Medivac  
  84  13:16  Marauder  
Tags
 
Add a new tag
Caveats
  • Supply blocks, unpowered buildings, or Contaminate may cause inaccurate times.
  • Supply counts are checked every 10 seconds.